 Dungeon Crawl Stone Soup version 0.31-a0-523-g071a6c1ffa (webtiles) character file.

Game seed: 17302290108780204145

921 arthad the Trooper (level 8, -4/59 HPs)
             Began as a Djinni Gladiator on Aug 11, 2023.
             Slain by an ice beast (9 damage)
             ... on level 5 of the Dungeon.
             The game lasted 00:10:30 (4800 turns).

arthad the Trooper (Djinni Gladiator)               Turns: 4800, Time: 00:10:31

Health: -4/59      AC:  9    Str: 15    XL:     8   Next: 31%
Gold:   289        EV: 11    Int:  9    God:
                   SH:  4    Dex: 16

rFire   + + .        a - +0 long sword
rCold   x . .        (no shield)
rNeg    . . .        g - +0 scale mail
rPois   ∞            c - +0 helmet
rElec   .            (no cloak)
rCorr   .            f - +0 pair of gloves
SInv    .            (boots unavailable)
Will    .....        (no amulet) Stlth
                     (no ring)
HPRegen 1.09/turn    (no ring)
MPRegen 0.00/turn

%: infuse magic (-5 HP)
@: flying
A: sickness immunity, fire resistance 2, cold vulnerability 1, float, innate
caster, HP casting, extra vitality 1, large bone plates 1, regeneration 1
a: no special abilities


You were on level 5 of the Dungeon.
You visited 1 branch of the dungeon, and saw 5 of its levels.
You also visited: Sewer.

You collected 289 gold pieces.

Inventory:

Hand Weapons
 a - a +0 long sword (weapon)
 o - a +2 war axe of electrocution
Missiles
 d - 4 throwing nets
 e - a javelin
 t - 5 poisoned darts (quivered)
 u - 5 boomerangs
Armour
 b - a +0 leather armour
 c - a +0 helmet (worn)
 f - a +0 pair of gloves (worn)
 g - a +0 scale mail (worn)
 j - +0 fire dragon scales
Wands
 p - a wand of mindburst (6)
Scrolls
 k - a scroll of noise {unknown}
 l - a scroll of immolation {unknown}
 m - a scroll of vulnerability {unknown}
 n - 3 scrolls of revelation
 v - a scroll of torment {unknown}
 w - 2 scrolls of summoning {unknown}
 x - a scroll of enchant armour {unknown}
 y - a scroll of enchant weapon {unknown}
 A - a scroll of acquirement {unknown}
 B - 2 scrolls of identify
 C - a scroll of silence {unknown}
 D - a scroll of amnesia {unknown}
Potions
 h - 2 potions of curing
 i - a potion of haste
 q - a potion of mutation
 r - 2 potions of brilliance
 s - 2 potions of ambrosia
 z - a potion of attraction


   Skills:
 * Level 5.1 Fighting
 + Level 4.1 Long Blades
 + Level 3.1 Throwing
 + Level 3.0 Armour
 + Level 4.9 Dodging
 + Level 2.0 Spellcasting
 + Level 2.0 Conjurations
 + Level 2.0 Hexes
   Level 0.0 Charms
 + Level 2.0 Summonings
 + Level 2.0 Necromancy
 + Level 2.0 Translocations
 + Level 2.0 Transmutations
 + Level 2.0 Fire Magic
 + Level 2.0 Ice Magic
 + Level 2.0 Air Magic
 + Level 2.0 Earth Magic
 + Level 2.0 Poison Magic


You knew the following spells:

 Your Spells              Type           Power      Damage    Failure   Level
a - Magic Dart            Conj           16%        1d3       50%         1
b - Poisonous Vapours     Pois/Air       8%         N/A       63%         2
c - Gell's Gravitas       Tloc           4%         N/A       86%         3
Your spell library was empty.

Dungeon Overview and Level Annotations

Branches:
Dungeon (5/15)              Sewer (visited)
 Temple: D:4-7

Altars:
Cheibriados


Innate Abilities, Weirdness & Mutations

You are immune to sickness and miasma.
You are immune to poison.
Your flesh is very heat resistant. (rF++)
You are vulnerable to cold. (rC-)
You float through the air rather than walking.
You learn spells naturally, not from books.
Your magical power is your life essence.
You have superior vitality. (+4 MHP)
You are partially covered in large bone plates. (SH +4)
Your natural rate of healing is unusually fast.


Message History

You hit the ice beast.
The ice beast is heavily wounded.
The ice beast closely misses you.
You barely miss the ice beast.
The ice beast is heavily wounded.
The ice beast hits you. The ice beast freezes you!
You feel a terrible chill!
You are too injured to fight recklessly!
You are too injured to fight recklessly!
You are too injured to fight recklessly!
You are too injured to fight recklessly!
You are too injured to fight recklessly!
You are too injured to fight recklessly!
You are too injured to fight recklessly!
You are too injured to fight recklessly!
You are too injured to fight recklessly!
You are too injured to fight recklessly!
You are too injured to fight recklessly!
You hit the ice beast.
The ice beast is heavily wounded.
The ice beast hits you. The ice beast freezes you!
You feel a terrible chill!
* * * LOW HITPOINT WARNING * * *
You hit the ice beast but do no damage.
The ice beast is heavily wounded.
The ice beast hits you.
* * * LOW HITPOINT WARNING * * *
The ice beast freezes you!
You feel a terrible chill!
* * * LOW HITPOINT WARNING * * *
Okay, then.
Okay, then.
Unknown command.
Okay, then.
You completely miss the ice beast.
The ice beast is heavily wounded.
The ice beast barely misses you. The ice beast closely misses you.
You closely miss the ice beast.
The ice beast is heavily wounded.
The ice beast hits you.
* * * LOW HITPOINT WARNING * * *
The ice beast freezes you!
You feel a terrible chill!
You die...

#.#
#...........
#.#
#..######.##
#.#
#.........##
#.#
####..........
#.#
#....>.......
#.#
#........####
#.# #........#
#.# ######...#
#.# #..@#
##.#######
#....Y......
#........#
#.#######...
#####.._.# #.
#....# #.
##.### #. #.#
#.# # #)#
######+####.#


You could see an ice beast.

Vanquished Creatures
  Eustachio (D:4)
  An ogre (D:5)
  A phantom (D:5)
  2 scorpions
  A hound (D:5)
  A hell rat (Sewer)
  2 iguanas
  3 orc wizards (D:3)
  2 sleepcaps (D:4)
  Robin (D:4)
  7 gnolls
  5 river rats
  5 adders
  A worm (D:2)
  3 dart slugs
  7 orcs
  7 bats
  7 endoplasms
  3 giant cockroaches
  18 goblins
  9 hobgoblins
  5 jackals (D:2)
  4 kobolds
  5 quokkas
  11 ball pythons
  3 frilled lizards
  12 rats
127 creatures vanquished.

Notes
Turn   | Place    | Note
-------+----------+-------------------------------------------
     0 | D:1      | arthad the Djinni Gladiator began the quest for the Orb.
     0 | D:1      | Reached XP level 1. HP: 18/18 MP: 0/0
   159 | D:1      | Reached XP level 2. HP: 23/23 MP: 0/0
   476 | D:1      | Reached XP level 3. HP: 24/28 MP: 0/0
   476 | D:1      | Learned a level 1 spell: Magic Dart
  1195 | D:2      | Reached XP level 4. HP: 17/34 MP: 0/0
  1308 | D:2      | Found a faded altar of an unknown god.
  1709 | D:2      | Reached skill level 1 in Armour
  1797 | D:3      | Reached XP level 5. HP: 40/40 MP: 0/0
  1797 | D:3      | Learned a level 2 spell: Poisonous Vapours
  1815 | D:3      | Reached skill level 3 in Fighting
  1877 | D:3      | Found a glowing drain.
  1891 | Sewer    | Entered a sewer
  2092 | Sewer    | Reached skill level 1 in Spellcasting
  2092 | Sewer    | Reached skill level 1 in Conjurations
  2092 | Sewer    | Reached skill level 1 in Hexes
  2092 | Sewer    | Reached skill level 1 in Summonings
  2092 | Sewer    | Reached skill level 1 in Necromancy
  2092 | Sewer    | Reached skill level 1 in Translocations
  2092 | Sewer    | Reached skill level 1 in Transmutations
  2092 | Sewer    | Reached skill level 1 in Fire Magic
  2092 | Sewer    | Reached skill level 1 in Ice Magic
  2092 | Sewer    | Reached skill level 1 in Air Magic
  2092 | Sewer    | Reached skill level 1 in Earth Magic
  2092 | Sewer    | Reached skill level 1 in Poison Magic
  2104 | Sewer    | HP: 2/40 [hell rat (8)]
  2115 | Sewer    | Reached XP level 6. HP: 10/46 MP: 0/0
  2857 | D:4      | Noticed Robin
  2861 | D:4      | Noticed Eustachio
  2883 | D:4      | Killed Robin
  2951 | D:4      | Killed Eustachio
  2952 | D:4      | Reached skill level 4 in Fighting
  2952 | D:4      | Reached XP level 7. HP: 45/52 MP: 0/0
  2952 | D:4      | Learned a level 3 spell: Gell's Gravitas
  4332 | D:5      | Entered Level 5 of the Dungeon
  4481 | D:5      | Gained mutation: Your natural rate of healing is unusually
                  | fast. [potion of mutation]
  4481 | D:5      | Gained mutation: You are partially covered in large bone
                  | plates. (SH +4) [potion of mutation]
  4502 | D:5      | Reached XP level 8. HP: 48/58 MP: 0/0
  4571 | D:5      | Reached skill level 5 in Fighting
  4689 | D:5      | Found a snail-covered altar of Cheibriados.
  4800 | D:5      | Slain by an ice beast

Illustrated notes

Levels and vault maps discovered:
D:1:      giann_bridges, layout_loops_corners, st_stairs_12
D:2:      layout_rooms, ebering_ecumenical_altar_rust
D:3:      layout_basic, gup_sewer_entry_bubbles
D:4:      layout_basic, serial_co_window_serial, co_window_paths_a,
          co_window_corner_a, co_window_of_opportunity_a,
          co_window_of_opportunity_a, co_window_paths_b, co_window_corner_b,
          co_window_broadway_a, co_window_corner_ca, co_window_of_opportunity_b,
          co_window_corner_cb, co_window_corner_ca, co_window_paths_e,
          co_window_4corner_b, glass_columns_b, glass_columns_a,
          glass_columns_a, uniq_eustachio, uniq_robin
D:5:      layout_basic, cheibriados_altar_1, uniq_pikel

Skill      XL: |  1  2  3  4  5  6  7  8 |
---------------+-------------------------+-----
Long Blades    | 3 4 |  4.1
Throwing       | 2 3 |  3.1
Armour         | 1 2 3 |  3.0
Fighting       | 3 4 5 |  5.1
Spellcasting   | 1 2 |  2.0
Conjurations   | 1 2 |  2.0
Hexes          | 1 2 |  2.0
Summonings     | 1 2 |  2.0
Necromancy     | 1 2 |  2.0
Translocations | 1 2 |  2.0
Transmutations | 1 2 |  2.0
Fire Magic     | 1 2 |  2.0
Ice Magic      | 1 2 |  2.0
Air Magic      | 1 2 |  2.0
Earth Magic    | 1 2 |  2.0
Poison Magic   | 1 2 |  2.0
Dodging        | 4 |  4.9

Action                     |  1- 3 |  4- 6 |  7- 9 || total
---------------------------+-------+-------+-------++-------
  Melee: Long sword        |   101 |   277 |   157 ||   535
         Punch             |       |     5 |       ||     5
  Throw: Dart              |       |       |     3 ||     3
    Use: Scroll            |       |     2 |       ||     2
         Potion            |       |     7 |     1 ||     8
 Armour: Leather armour    |     7 |       |       ||     7
         Scale mail        |    59 |   221 |    46 ||   326
  Dodge: Dodged            |    71 |   249 |    87 ||   407
  Block: Other             |       |       |     9 ||     9

Table legend: (Time is in decaauts)
 A = Elapsed time spent in this place.
 B = Non-inter-level travel time spent in this place.
 C = Inter-level travel time spent in this place.
 D = Time resting spent in this place.
 E = Time spent auto-exploring this place.
 F = Levels seen in this place.
 G = Mean time per level.
                   A        B        C        D        E       F      G
               +--------+--------+--------+--------+--------+-----+--------+
         Total |   4903 |   4706 |    197 |    264 |   3271 |   6 |  817.2 |
       Dungeon |   4516 |   4319 |    197 |    126 |   3131 |   5 |  903.2 |
         Sewer |    386 |    386 |      0 |    138 |    140 |   1 |  386.0 |
               +--------+--------+--------+--------+--------+-----+--------+

Top non-repeatable levels by time:
     D:4: 1541 daAuts
     D:1: 1051 daAuts
     D:2: 747 daAuts
     D:3: 692 daAuts
     D:5: 482 daAuts
   Sewer: 386 daAuts
